Map: Lerilak Crest

Players

Psionic

  • Race: Protoss Protoss
  • League: Platinum

LilDicky - Winner!

  • Race: Terran Terran
  • League: Diamond

VOD

http://www.twitch.tv/tumescentpie

Description

Time

  • Played on: Nov. 26, 2015, 10:25 a.m.
  • Length: 5:34
Show
View Real Time Build Order
Export as new Build Order

Psionic Protoss 

Build Orders: 1 Gate Expand 

Get SALT Encoding   

  12  0:01  Probe (Chrono Boost)  
  13  0:12  Probe (Chrono Boost)  
  14  0:18  Pylon  
  14  0:22  Probe (Chrono Boost)  
  15  0:36  Probe (Chrono Boost)  
  15  0:38  Gateway  
  16  0:47  Probe (Chrono Boost)  
  17  0:57  Probe (Chrono Boost)  
  17  1:00  Assimilator  
  18  1:08  Probe (Chrono Boost)  
  20  1:18  Probe (Chrono Boost)  
  20  1:30  Probe (Chrono Boost)  
  20  1:32  Nexus  
  21  1:37  Cybernetics Core  
  21  1:45  Pylon  
  21  1:48  Probe (Chrono Boost)  
  21  1:53  Assimilator  
  22  1:58  Probe (Chrono Boost)  
  23  2:09  Probe (Chrono Boost)  
  23  2:14  Stalker (Chrono Boost), Warp Gate (Chrono Boost)  
  26  2:23  Probe  
  27  2:35  Probe  
  28  2:46  Probe  
  29  2:51  Stargate  
  29  2:55  Probe  
  29  2:56  Probe  
  31  3:08  Mothership Core  
  31  3:11  Probe  
  28  3:21  Probe  
  29  3:28  Assimilator  
  29  3:32  Assimilator  
  27  3:53  Probe  
  27  3:54  Probe  
  29  4:03  Pylon  
  29  4:06  Robotics Facility  
  25  4:33  Probe  
  25  4:34  Probe  
  25  4:40  Oracle (Chrono Boost)  
  28  4:49  Probe  
  28  4:50  Probe  
  30  4:53  Observer (Chrono Boost)  
  30  4:56  Stalker  
  33  5:02  Probe  
  33  5:03  Probe  
Show
View Real Time Build Order
Export as new Build Order

LilDicky Terran - Winner!

Build Orders: MMM Bio 

Get SALT Encoding   

  12  0:01  SCV  
  13  0:13  SCV  
  14  0:17  Supply Depot  
  14  0:25  SCV  
  15  0:29  Refinery  
  15  0:38  SCV  
  16  0:45  Barracks  
  16  0:51  SCV  
  17  1:03  SCV  
  18  1:15  SCV  
  19  1:28  SCV  
  19  1:32  Factory  
  20  1:33  Marine  
  20  1:35  Supply Depot  
  21  1:41  Orbital Command  
  21  1:50  Marine  
  22  2:04  Barracks  
  22  2:06  SCV  
  23  2:13  Barracks  
  23  2:15  Barracks Reactor  
  23  2:19  SCV  
  24  2:29  Widow Mine  
  24  2:31  SCV  
  24  2:35  Refinery  
  27  2:54  Supply Depot, SCV  
  27  2:56  Barracks Tech Lab  
  27  2:57  Marine x2  
  29  3:00  Widow Mine  
  31  3:09  Barracks Tech Lab  
  31  3:15  Marine x2  
  31  3:16  SCV  
  34  3:20  Stimpack  
  34  3:26  Combat Shields  
  34  3:27  Supply Depot, Marine  
  34  3:28  SCV, Marine  
  37  3:44  Marine x2  
  39  3:48  SCV  
  39  3:49  Marauder, Widow Mine  
  44  3:57  Supply Depot  
  44  3:58  Marauder  
  44  4:00  SCV  
  47  4:19  Marine x2  
  47  4:32  SCV  
  47  4:34  Marauder x2  
  47  4:36  Marine x2  
  54  4:45  Engineering Bay  
  54  5:02  Marine  
  55  5:12  Supply Depot  
  55  5:13  Starport  
  55  5:15  Missile Turret  
  55  5:16  Supply Depot  
Tags
 
Add a new tag
Caveats
  • Supply blocks, unpowered buildings, or Contaminate may cause inaccurate times.
  • Supply counts are checked every 10 seconds.